Map: Polka LE

Players

qqq - Winner!

  • Race: Zerg Zerg
  • Spawn Location: 11:00

Massa - Winner!

  • Race: Terran Terran
  • League: Platinum
  • Spawn Location: 11:00

Drivzz

  • Race: Zerg Zerg
  • League: Platinum
  • Spawn Location: 5:00

FroZznSky

  • Race: Protoss Protoss
  • Spawn Location: 5:00

VOD

Have the link to the VOD?

Description

Time

  • Played on: Nov. 13, 2020, 5:23 p.m.
  • Length: 4:31
Show
View Real Time Build Order
Export as new Build Order

qqq Zerg - Winner!

Build Orders: Hatch First 

Get SALT Encoding   

  12  0:01  Drone  
  13  0:13  Drone  
  14  0:27  Overlord  
  14  0:46  Hatchery  
  13  0:50  Drone  
  13  0:53  Drone  
  15  0:58  Drone  
  15  0:59  Extractor  
  15  1:07  Drone  
  16  1:26  Spawning Pool  
  16  1:29  Drone  
  16  1:33  Drone  
  17  1:51  Drone x2  
  19  1:59  Drone  
  20  2:02  Drone  
  21  2:13  Queen  
  21  2:14  Metabolic Boost  
  23  2:17  Zergling x2  
  23  2:19  Drone  
  23  2:22  Zergling x2  
  26  2:39  Zergling x2, Overlord  
  26  2:40  Drone  
  28  2:52  Overlord  
  28  2:56  Queen  
  28  2:57  Zergling x6  
  33  3:05  Baneling Nest  
  32  3:08  Zergling x2  
  32  3:10  Zergling x2  
  34  3:16  Zergling x2  
  34  3:19  Zergling x2  
  36  3:21  Zergling x2  
  36  3:25  Lair  
  37  3:33  Drone  
  38  3:34  Zergling x2  
  38  3:35  Evolution Chamber  
  38  3:39  Zergling x4  
  37  4:09  Zergling x8  
  40  4:10  Drone, Zergling x4  
  40  4:11  Drone x2  
  40  4:13  Spore Crawler  
  40  4:15  Spore Crawler  
Show
View Real Time Build Order
Export as new Build Order

Massa Terran - Winner!

Build Orders:  

Get SALT Encoding   

  12  0:00  SCV  
  13  0:12  SCV  
  14  0:24  SCV  
  14  0:25  Supply Depot  
  15  0:35  Refinery  
  15  0:46  SCV  
  16  0:57  Refinery, Barracks  
  16  0:58  SCV  
  17  1:10  SCV  
  18  1:23  SCV  
  19  1:35  SCV  
  20  1:44  Factory  
  20  1:47  SCV  
  20  1:52  Supply Depot  
  20  1:53  Reaper  
  22  1:59  SCV  
  23  2:11  Orbital Command  
  23  2:17  Supply Depot  
  23  2:26  Supply Depot  
  23  2:37  Barracks Reactor  
  23  2:41  Hellion  
  25  2:56  SCV  
  26  3:01  Command Center  
  26  3:07  Engineering Bay  
  26  3:13  SCV  
  26  3:17  Marine x2  
  29  3:21  Hellion  
  29  3:25  SCV  
  32  3:43  Hellion, Missile Turret  
  34  3:50  Missile Turret  
  34  3:54  Marine x2  
  36  4:04  Widow Mine  
  38  4:12  Marine x2  
Show
View Real Time Build Order
Export as new Build Order

Drivzz Zerg 

Build Orders: Hatch First 

Get SALT Encoding   

  12  0:00  Drone  
  13  0:12  Overlord  
  13  0:16  Drone  
  14  0:31  Drone x2  
  14  0:34  Drone  
  17  0:54  Drone  
  18  0:57  Hatchery  
  17  1:09  Spawning Pool  
  16  1:11  Drone  
  16  1:14  Extractor  
  16  1:17  Drone  
  17  1:20  Drone  
  18  1:28  Drone  
  19  1:39  Overlord  
  19  1:50  Drone  
  20  1:55  Queen  
  20  2:00  Drone  
  23  2:09  Queen  
  23  2:12  Drone x2  
  27  2:17  Metabolic Boost  
  27  2:21  Drone  
  27  2:22  Drone  
  29  2:31  Drone  
  29  2:37  Zergling x2  
  29  2:41  Overlord  
  30  2:46  Drone  
  31  3:03  Drone  
  31  3:04  Drone x2  
  31  3:05  Roach Warren  
  33  3:08  Drone  
  33  3:09  Extractor  
  33  3:15  Drone x4, Extractor  
  36  3:25  Drone  
  36  3:26  Drone  
  38  3:27  Drone  
  38  3:32  Hatchery  
  38  3:34  Drone x2  
  40  3:41  Zergling x6  
  43  4:08  Zergling x4  
Show
View Real Time Build Order
Export as new Build Order

FroZznSky Protoss 

Build Orders: Phoenix Opening 

Get SALT Encoding   

  12  0:00  Probe  
  13  0:13  Probe  
  14  0:20  Pylon  
  14  0:27  Probe  
  15  0:38  Gateway  
  15  0:42  Probe (Chrono Boost)  
  16  0:53  Probe (Chrono Boost)  
  17  0:58  Probe (Chrono Boost)  
  17  1:00  Pylon  
  18  1:05  Assimilator  
  18  1:08  Probe  
  19  1:20  Probe  
  20  1:26  Cybernetics Core  
  20  1:34  Probe (Chrono Boost)  
  20  1:35  Assimilator  
  21  1:43  Probe (Chrono Boost), Pylon  
  22  1:48  Probe (Chrono Boost)  
  23  2:12  Probe (Chrono Boost)  
  23  2:14  Nexus  
  24  2:17  Stargate  
  24  2:26  Pylon  
  26  2:39  Probe  
  26  2:42  Warp Gate (Chrono Boost)  
  27  2:51  Probe  
  27  2:56  Adept  
  28  3:01  Phoenix  
  30  3:06  Probe  
  31  3:13  Gateway  
  31  3:15  Pylon  
  31  3:19  Probe  
  32  3:27  Probe  
  32  3:31  Probe  
  32  3:32  Adept (Chrono Boost)  
  36  3:37  Phoenix  
Tags
 
Add a new tag
Caveats
  • Supply blocks, unpowered buildings, or Contaminate may cause inaccurate times.
  • Supply counts are checked every 10 seconds.